Map: Backwater LE

Players

aLive

  • Race: Terran Terran
  • League: Grandmaster
  • Spawn Location: 11:00

Hurricane - Winner!

  • Race: Protoss Protoss
  • League: Master
  • Spawn Location: 5:00

Event: Memes & Dreams Invitational

VOD

Have the link to the VOD?

Description

Time

  • Played on: April 13, 2018, 1:31 a.m.
  • Length: 18:30

All games in this series

Show
View Real Time Build Order
Export as new Build Order

aLive Terran 

Build Orders: Gas First Reaper Expand, Reaper Expand, MMM Bio 

Get SALT Encoding   

  12  0:00  SCV  
  13  0:12  SCV  
  14  0:16  Supply Depot  
  14  0:25  SCV  
  15  0:29  Refinery  
  15  0:38  SCV  
  16  0:44  Barracks  
  16  0:50  SCV  
  17  1:02  SCV  
  18  1:14  SCV  
  19  1:31  Reaper, Orbital Command  
  20  1:43  Command Center  
  20  1:53  Factory  
  20  1:57  SCV  
  21  2:04  Refinery  
  21  2:05  Barracks Reactor  
  21  2:10  SCV  
  21  2:14  Supply Depot  
  22  2:22  SCV  
  23  2:36  SCV  
  24  2:39  Starport  
  24  2:45  Hellion x2  
  24  2:48  SCV  
  29  2:57  Orbital Command  
  29  3:01  SCV  
  30  3:06  Widow Mine x2  
  34  3:13  SCV  
  34  3:14  Medivac  
  34  3:18  Barracks Tech Lab  
  37  3:23  Supply Depot, SCV  
  37  3:26  SCV  
  39  3:30  Widow Mine  
  41  3:37  SCV  
  41  3:38  SCV  
  38  3:50  SCV x2  
  40  3:59  Marine x2  
  40  4:00  Widow Mine  
  40  4:02  SCV x2  
  49  4:11  Supply Depot  
  49  4:14  SCV x2  
  49  4:17  Marine x2  
  51  4:21  Raven  
  51  4:23  Command Center  
  51  4:26  SCV x2  
  53  4:38  SCV x2  
  54  4:42  Barracks  
  54  4:44  Barracks  
  55  4:50  SCV x2  
  55  4:52  Marine x2  
  55  5:02  SCV x2  
  55  5:06  Factory Tech Lab  
  57  5:10  Bunker, Engineering Bay  
  57  5:11  Engineering Bay  
  57  5:13  Supply Depot  
  57  5:14  SCV, Starport Reactor  
  57  5:15  SCV  
  59  5:24  Marine x2  
  59  5:26  SCV  
  59  5:27  SCV  
  61  5:35  Factory Reactor  
  61  5:36  Barracks, Orbital Command  
  61  5:38  SCV  
  61  5:39  Barracks, SCV  
  61  5:41  Terran Infantry Weapons Level 1, Terran Infantry Armor Level 1  
  62  5:47  Refinery  
  62  5:49  Refinery  
  62  5:50  SCV  
  62  5:51  SCV  
  62  5:52  Marine x2  
  66  6:03  SCV x2  
  68  6:06  Marine x2  
  68  6:07  Stimpack, Combat Shields  
  68  6:09  Medivac x2  
  72  6:15  SCV x2  
  74  6:19  Missile Turret  
  74  6:22  Marine  
  74  6:23  Marine  
  74  6:24  Widow Mine x2  
  80  6:27  SCV x2  
  80  6:28  Barracks Tech Lab, Barracks Reactor, Marauder  
  84  6:33  Supply Depot, Marauder  
  84  6:34  Supply Depot  
  86  6:44  Supply Depot  
  86  6:45  Supply Depot  
  86  6:46  Supply Depot  
  86  6:47  Marine  
  86  6:48  Marine  
  86  6:49  Marauder  
  86  6:50  Marauder  
  92  6:55  Medivac x2, Marauder  
  96  7:02  Widow Mine x2  
  96  7:03  SCV x3  
  103  7:10  Refinery  
  103  7:12  Refinery  
  103  7:14  Armory  
  103  7:17  Marine x2  
  103  7:18  Marine x2, Supply Depot  
  103  7:19  Marauder  
  103  7:21  Supply Depot  
  109  7:23  Concussive Shells  
  109  7:24  SCV x3  
  112  7:33  Marauder x2  
  112  7:35  Marine x3  
  112  7:36  Marine  
  120  7:40  Marauder  
  117  7:48  SCV x3  
  117  7:49  Starport  
  119  7:53  Fusion Core, Marine  
  119  7:56  Marine x4  
  119  7:57  Marauder  
  123  8:02  Marauder  
  117  8:20  Marine x2, SCV x3  
  117  8:21  Marine x2, Marauder x2  
  117  8:23  Marauder  
  116  8:38  Marine x3  
  116  8:39  Marine, Medivac x2, Widow Mine x2  
  122  8:41  Terran Infantry Armor Level 2  
  122  8:43  Marauder x2  
  122  8:44  Starport Tech Lab, Marauder  
  122  8:47  Liberator  
  123  9:01  Marine x4  
  127  9:04  Advanced Ballistics  
  127  9:06  Command Center  
  129  9:20  Terran Infantry Weapons Level 2  
  125  9:26  SCV x3  
  127  9:36  Liberator x3  
  113  9:51  Marine x4  
  113  9:52  Marauder x3  
  104  9:59  Barracks x2  
  111  10:01  Barracks  
  111  10:03  SCV x3  
  111  10:06  Missile Turret  
  114  10:10  Ghost Academy  
  114  10:12  Supply Depot  
  114  10:13  Supply Depot  
  114  10:15  SCV x3  
  114  10:17  Marine x4  
  114  10:19  Liberator x3, Marauder x3  
  127  10:22  Planetary Fortress  
  127  10:24  Missile Turret  
  127  10:27  SCV  
  128  10:33  Widow Mine x2  
  140  10:47  Barracks Tech Lab  
  140  10:48  Barracks Reactor  
  140  10:49  Barracks Tech Lab  
  146  10:50  Marine x4  
  146  10:52  Ghost x3  
  146  10:56  Widow Mine x2  
  154  11:12  Marine x4, Refinery  
  154  11:16  Refinery  
  144  11:27  Marine x4  
  144  11:28  Liberator x2  
  144  11:29  Marauder  
  144  11:30  Marauder x2  
  147  11:39  Terran Infantry Armor Level 3, Terran Infantry Weapons Level 3  
  147  11:43  Marine x4  
  147  11:45  Marauder  
  157  11:51  Marine x2, Marauder  
  157  11:52  Marauder x3  
  167  11:57  Command Center  
  167  12:00  Missile Turret  
  157  12:07  Marauder  
  143  12:17  Marine x4  
  143  12:18  Marine x2, Ghost x4  
  153  12:45  Marine  
  153  12:46  Marine x5  
  153  12:49  Medivac x2  
  153  12:50  Medivac  
  169  12:51  Widow Mine x2  
  167  13:10  Marine x5  
  167  13:11  Marine  
  167  13:12  Liberator x3, Ghost x2  
  176  13:13  Marauder x3  
  180  13:35  Starport  
  180  13:37  Starport  
  180  13:42  Marine  
  180  13:43  Marine x5  
  180  13:44  Marauder x4  
  194  13:49  Marauder  
  179  14:07  Marine  
  179  14:08  Marine x6  
  182  14:24  Raven, Marauder x3  
  182  14:25  Starport Reactor, Starport Tech Lab  
  150  14:59  Marine x6  
  131  15:00  Ghost x2  
  131  15:01  Marauder x3  
  143  15:07  Planetary Fortress  
  143  15:09  Missile Turret  
  143  15:10  Raven  
  143  15:11  Viking x4  
  150  15:15  Medivac  
  149  15:23  Marine x4  
  149  15:24  Marine x2  
  155  15:41  Medivac  
  155  15:51  Viking x2  
  155  15:53  Marine x6, Viking  
  155  15:55  Marauder x4  
  150  16:19  Marine x6  
  150  16:22  Widow Mine x2, Raven x2  
  150  16:24  Viking x2  
  150  16:25  Medivac  
  151  16:26  Medivac  
  153  16:41  Marine x4  
  153  16:42  Marine x2, Ghost x3  
  160  17:01  Marine x6  
  155  17:20  Marine x6  
  155  17:21  Marauder  
  155  17:22  Marauder x3  
  140  17:28  Viking x2  
  140  17:29  Viking x2  
  132  17:36  Viking  
  132  17:37  Viking  
  133  17:41  Marine x6  
  133  17:43  Marauder  
  137  18:01  Marine  
  137  18:02  Marine x5  
  137  18:04  Marauder x4  
  137  18:05  Marauder  
Show
View Real Time Build Order
Export as new Build Order

Hurricane Protoss - Winner!

Build Orders: 1 Gate Expand, Oracle Opening, Phoenix Opening 

Get SALT Encoding   

  12  0:00  Probe  
  13  0:12  Probe  
  14  0:18  Pylon  
  14  0:25  Probe (Chrono Boost)  
  15  0:37  Probe (Chrono Boost), Gateway  
  16  0:44  Probe (Chrono Boost)  
  16  0:45  Assimilator  
  17  0:51  Probe  
  18  1:03  Probe  
  19  1:15  Probe  
  20  1:22  Nexus  
  20  1:31  Cybernetics Core  
  20  1:35  Probe  
  21  1:40  Assimilator  
  21  1:47  Probe  
  21  1:52  Pylon  
  22  1:59  Probe  
  23  2:07  Stalker (Chrono Boost)  
  23  2:11  Probe  
  26  2:21  Stargate  
  26  2:23  Probe  
  27  2:30  Warp Gate  
  27  2:34  Probe (Chrono Boost)  
  27  2:35  Probe (Chrono Boost)  
  29  2:38  Stalker  
  32  2:45  Probe (Chrono Boost)  
  32  2:47  Probe (Chrono Boost)  
  32  2:50  Probe (Chrono Boost)  
  33  2:53  Probe  
  35  3:00  Probe  
  35  3:05  Oracle (Chrono Boost)  
  36  3:06  Probe, Pylon  
  40  3:13  Probe  
  40  3:19  Probe  
  42  3:20  Stalker  
  42  3:25  Probe  
  45  3:30  Gateway  
  41  3:43  Probe (Chrono Boost)  
  41  3:45  Probe (Chrono Boost)  
  41  3:50  Phoenix  
  41  3:55  Probe (Chrono Boost)  
  45  3:59  Probe (Chrono Boost)  
  45  4:00  Probe (Chrono Boost)  
  46  4:07  Probe  
  46  4:09  Probe  
  48  4:11  Nexus  
  48  4:19  Probe  
  48  4:22  Robotics Facility  
  48  4:23  Probe  
  50  4:27  Oracle  
  45  4:32  Probe  
  45  4:35  Probe  
  47  4:44  Probe (Chrono Boost)  
  48  4:48  Probe (Chrono Boost)  
  48  4:51  Assimilator  
  49  4:54  Stalker  
  49  4:56  Probe (Chrono Boost), Assimilator  
  49  4:59  Probe (Chrono Boost)  
  53  5:02  Probe (Chrono Boost)  
  53  5:03  Probe (Chrono Boost)  
  53  5:10  Observer  
  53  5:13  Probe  
  53  5:14  Pylon  
  52  5:20  Probe (Chrono Boost)  
  53  5:25  Pylon  
  53  5:26  Probe (Chrono Boost)  
  53  5:27  Probe (Chrono Boost)  
  55  5:32  Probe (Chrono Boost)  
  55  5:33  Twilight Council  
  56  5:37  Observer  
  56  5:38  Probe (Chrono Boost)  
  56  5:41  Probe (Chrono Boost)  
  56  5:42  Probe (Chrono Boost)  
  60  5:43  Probe (Chrono Boost)  
  60  5:48  Probe  
  60  5:49  Probe  
  62  5:53  Probe, Robotics Bay  
  62  5:55  Forge  
  64  6:00  Probe  
  64  6:01  Probe, Observer  
  67  6:11  Probe  
  68  6:13  Probe, Blink  
  68  6:14  Probe, Sentry  
  72  6:21  Gateway  
  72  6:23  Gateway  
  72  6:25  Gateway  
  72  6:27  Probe x3  
  75  6:33  Protoss Ground Weapons Level 1 (Chrono Boost)  
  75  6:38  Pylon  
  75  6:39  Probe  
  76  6:44  Probe, Colossus (Chrono Boost)  
  76  6:46  Probe  
  78  6:48  Pylon  
  84  6:59  Probe x2  
  86  7:02  Probe, Assimilator x2  
  86  7:03  Pylon, Extended Thermal Lance  
  86  7:07  Sentry x2  
  91  7:09  Pylon  
  91  7:21  Pylon  
  91  7:27  Colossus (Chrono Boost), Gateway  
  97  7:30  Gateway x2  
  97  7:34  Pylon, Observer  
  97  7:36  Zealot x3  
  101  7:37  Zealot  
  97  7:48  Probe  
  92  7:52  Stalker  
  92  7:53  Probe x2  
  96  7:58  Stalker x2, Zealot  
  96  7:59  Zealot  
  98  8:16  Colossus (Chrono Boost), Zealot  
  94  8:25  Protoss Ground Weapons Level 2 (Chrono Boost), Zealot x4  
  106  8:31  Stalker x3  
  98  8:38  Probe x3  
  95  8:42  Pylon, Forge  
  95  8:47  Charge  
  95  8:48  Templar Archives  
  95  8:50  Probe  
  95  8:54  Probe x2  
  98  9:00  Colossus (Chrono Boost)  
  98  9:02  Probe  
  105  9:05  Photon Cannon  
  105  9:07  Shield Battery  
  105  9:15  Pylon  
  105  9:16  Sentry x2, Zealot  
  105  9:17  Zealot x4  
  115  9:22  Stalker  
  121  9:28  Protoss Ground Armor Level 1 (Chrono Boost)  
  120  9:37  Sentry  
  120  9:38  Zealot x4  
  122  9:47  Psionic Storm  
  122  9:50  Colossus (Chrono Boost)  
  108  9:58  Nexus  
  114  10:00  Pylon, Zealot x3  
  114  10:01  Zealot  
  114  10:04  High Templar  
  124  10:12  High Templar  
  124  10:13  Zealot x2  
  130  10:18  Probe  
  130  10:19  Probe x2  
  130  10:20  Gateway x2  
  133  10:21  High Templar  
  135  10:28  Pylon  
  135  10:29  High Templar  
  135  10:30  Zealot x2  
  135  10:33  Stalker  
  135  10:34  Zealot  
  145  10:40  Stalker  
  147  10:45  Stargate  
  147  10:46  Phoenix (Chrono Boost)  
  147  10:49  Probe x3  
  150  10:51  Protoss Ground Weapons Level 3 (Chrono Boost)  
  148  11:00  Stalker, Assimilator  
  148  11:02  Assimilator  
  149  11:07  Probe x2  
  149  11:08  Probe  
  142  11:35  Probe x2, High Templar x2  
  142  11:37  Stargate  
  142  11:38  Fleet Beacon  
  140  11:47  Probe x2  
  140  11:49  Stalker x4  
  140  11:50  Stalker, Zealot  
  140  11:53  Observer  
  153  12:14  Disruptor  
  154  12:19  Probe  
  154  12:20  Probe x2, Tempest (Chrono Boost)  
  154  12:21  Tempest (Chrono Boost)  
  169  12:30  Nexus  
  169  12:42  Stargate  
  169  12:44  Pylon  
  169  12:46  High Templar  
  169  12:48  Pylon, Assimilator  
  169  12:50  Assimilator  
  171  12:53  Photon Cannon, Shield Battery  
  171  12:55  Pylon  
  171  12:56  Robotics Facility  
  165  13:10  Zealot x3, High Templar  
  168  13:17  Zealot x5  
  169  13:21  Zealot x6  
  165  13:29  Probe, Tempest  
  165  13:30  Tempest  
  165  13:31  Zealot x2  
  188  13:39  Pylon  
  184  13:47  Zealot x2  
  188  13:51  Nexus  
  188  13:52  Pylon  
  182  13:56  Stargate  
  182  14:05  Disruptor (Chrono Boost)  
  182  14:06  Protoss Ground Armor Level 2 (Chrono Boost), Disruptor (Chrono Boost)  
  182  14:09  Gravitic Drive  
  188  14:12  Forge  
  188  14:24  Tempest x2  
  199  14:39  Observer (Chrono Boost)  
  190  14:48  Archon  
  159  14:57  Archon  
  159  14:58  Colossus x2 (Chrono Boost)  
  149  15:03  High Templar x3  
  149  15:04  High Templar  
  149  15:05  Zealot x6  
  181  15:10  Probe x4  
  181  15:11  Probe  
  174  15:25  High Templar  
  174  15:26  High Templar x3  
  174  15:27  Protoss Shields Level 1 (Chrono Boost), Sentry, Stalker  
  184  15:36  Stalker x4  
  192  15:43  Warp Prism (Chrono Boost)  
  192  15:46  Observer  
  191  16:03  Zealot x2  
  191  16:04  Zealot x4  
  193  16:06  Warp Prism  
  187  16:27  Stalker x6  
  199  16:35  Photon Cannon, Shield Battery  
  199  16:45  Pylon  
  195  16:58  Nexus  
  195  17:00  Observer  
  195  17:01  Observer  
  187  17:15  Archon  
  187  17:16  Archon  
  153  17:28  Tempest x2  
  159  17:33  Zealot x8  
  175  18:00  Zealot x9  
  175  18:01  Zealot  
  187  18:17  Archon  
  166  18:25  Zealot x7  
  166  18:26  Zealot x2  
Tags
 
Add a new tag
Caveats
  • Supply blocks, unpowered buildings, or Contaminate may cause inaccurate times.
  • Supply counts are checked every 10 seconds.